Map: [ESL] Post-Youth

Players

Kelazhur

  • Race: Terran Terran
  • Spawn Location: 1:00

Astrea - Winner!

  • Race: Protoss Protoss
  • Spawn Location: 7:00

Event: ESL SC2 Masters 2024 Spring (Regional)

VOD

Have the link to the VOD?

Description

Time

  • Played on: May 4, 2024, 2:10 p.m.
  • Length: 4:07

All games in this series

Show
View Real Time Build Order
Export as new Build Order

Kelazhur Terran 

Build Orders: Reaper Expand 

Get SALT Encoding   

  12  0:00  SCV  
  13  0:12  SCV  
  14  0:17  Supply Depot  
  14  0:24  SCV  
  15  0:38  SCV  
  15  0:40  Barracks  
  16  0:44  Refinery  
  16  0:51  SCV  
  17  1:03  SCV  
  18  1:15  SCV  
  19  1:27  Orbital Command  
  19  1:29  Reaper  
  20  1:41  Command Center  
  20  1:50  Supply Depot  
  20  1:54  SCV  
  21  2:01  Barracks Reactor  
  21  2:06  SCV  
  22  2:18  SCV  
  23  2:27  Command Center  
  23  2:30  SCV  
  23  2:37  Marine  
  24  2:38  Marine  
  24  2:43  SCV  
  27  2:49  Barracks  
  27  2:53  Bunker  
  27  2:57  Marine x2  
  27  3:11  Orbital Command  
  27  3:15  Marine x2  
  28  3:26  SCV  
  26  3:33  Marine x2  
  25  3:39  Marine  
  21  3:50  SCV  
  21  3:51  SCV  
Show
View Real Time Build Order
Export as new Build Order

Astrea Protoss - Winner!

Build Orders:  

Get SALT Encoding   

  12  0:00  Probe  
  13  0:12  Probe  
  14  0:17  Pylon  
  14  0:24  Probe (Chrono Boost)  
  15  0:36  Probe (Chrono Boost)  
  15  0:38  Gateway  
  16  0:44  Probe (Chrono Boost)  
  16  0:48  Assimilator  
  17  0:51  Probe  
  18  1:03  Probe  
  19  1:11  Gateway  
  19  1:15  Probe  
  20  1:25  Cybernetics Core  
  20  1:27  Probe  
  21  1:37  Pylon  
  21  1:39  Probe  
  22  1:51  Probe  
  23  2:01  Adept (Chrono Boost)  
  23  2:04  Warp Gate (Chrono Boost)  
  27  2:08  Adept (Chrono Boost)  
  27  2:23  Stalker  
  27  2:29  Pylon, Assimilator  
  30  2:40  Stalker  
  31  2:49  Gateway x2  
  31  2:52  Probe  
  32  3:08  Shield Battery  
  32  3:23  Probe  
  29  3:42  Probe  
  29  3:43  Pylon  
  29  3:47  Stalker x3  
  29  3:48  Stalker  
Tags
 
Add a new tag
Caveats
  • Supply blocks, unpowered buildings, or Contaminate may cause inaccurate times.
  • Supply counts are checked every 10 seconds.